 Dungeon Crawl Stone Soup version 0.31.0-7-gf635a9b802 (webtiles) character file.

Game seed: 4307915357979854184

1 monsoonserge the Apothecary (level 1, -3/18 HPs)
             Began as a Djinni Warper on Jan 23, 2024.
             Slain by a kobold
             ... wielding a +0 short sword
              (4 damage)
             ... on level 1 of the Dungeon.
             The game lasted 00:00:17 (40 turns).

monsoonserge the Apothecary (Djinni Warper)           Turns: 40, Time: 00:00:18

Health: -3/18      AC:  3    Str: 10    XL:     1   Next: 22%
Gold:   0          EV: 11    Int: 14    God:
                   SH:  0    Dex: 12

rFire   + + .        a - +0 falchion
rCold   x . .        (no shield)
rNeg    . . .        b - +0 leather armour
rPois   ∞            (no helmet)
rElec   .            (no cloak)
rCorr   .            (no gloves)
SInv    .            (boots unavailable)
Will    .....        (no amulet)
Stlth   +            (no ring)
HPRegen 0.23/turn    (no ring)
MPRegen 0.00/turn

%: infuse magic (-4 HP)
@: flying
A: sickness immunity, fire resistance 2, cold vulnerability 1, float, innate
caster, HP casting, extra vitality 1
a: no special abilities


You were on level 1 of the Dungeon.
You visited 1 branch of the dungeon, and saw 1 of its levels.

Inventory:

Hand Weapons
 a - a +0 falchion (weapon)
Missiles
 d - 7 darts of dispersal (quivered)
Armour
 b - a +0 leather armour (worn)
Scrolls
 c - a scroll of blinking


   Skills:
 + Level 2.0 Fighting
 + Level 1.7 Long Blades
 + Level 0.7 Throwing
 + Level 1.0 Armour
 + Level 2.1 Dodging
 + Level 2.9 Spellcasting
 + Level 2.9 Conjurations
 + Level 2.9 Hexes
 + Level 2.9 Summonings
 + Level 2.9 Necromancy
 + Level 2.9 Translocations
 + Level 2.9 Fire Magic
 + Level 2.9 Ice Magic
 + Level 2.9 Air Magic
 + Level 2.9 Earth Magic
 + Level 2.9 Alchemy


You knew the following spells:

 Your Spells              Type           Power      Damage    Failure   Level
a - Blink                 Tloc           20%        N/A       13%         2
b - Lesser Beckoning      Tloc           20%        N/A       13%         2
c - Teleport Other        Tloc           10%        N/A       26%         3
d - Manifold Assault      Tloc           10%        N/A       65%         4
e - Vhi's Electric Charg  Tloc/Air       20%        N/A       65%         4
Your spell library was empty.

Dungeon Overview and Level Annotations

Branches:
Dungeon (1/15)

Altars:


Innate Abilities, Weirdness & Mutations

You are immune to sickness and miasma.
You are immune to poison.
Your flesh is very heat resistant. (rF++)
You are vulnerable to cold. (rC-)
You float through the air rather than walking.
You learn spells naturally, not from books.
Your magical power is your life essence.
You have superior vitality. (+4 MHP)


Message History

You hit the bat.
You kill the bat!
A hobgoblin and a kobold come into view.
The rat closely misses you.
You see here a bat corpse.
You barely miss the rat. The rat bites you.
You closely miss the rat. The rat bites you but does no damage.
You slash the rat!
You kill the rat!
The kobold throws a stone.
The stone hits you.
Found 15 gold pieces.
Things that are here:
a scroll labelled FUBLOINNAB; a rat corpse The kobold hits you with a +0 short sword.
The hobgoblin barely misses you.
You hit the hobgoblin.
The hobgoblin is heavily wounded.
The kobold hits you with a +0 short sword.
The hobgoblin barely misses you. The hobgoblin hits you.
The kobold hits you with a +0 short sword.
You are too injured to fight recklessly!
You closely miss the hobgoblin.
The hobgoblin is heavily wounded.
The hobgoblin misses you. The kobold closely misses you.
You barely miss the hobgoblin.
The hobgoblin is heavily wounded.
The hobgoblin barely misses you. The kobold misses you.
You closely miss the hobgoblin.
The hobgoblin is heavily wounded.
The hobgoblin hits you.
* * * LOW HITPOINT WARNING * * *
The kobold closely misses you.
You hit the hobgoblin but do no damage.
The hobgoblin is heavily wounded.
The kobold hits you but does no damage. The hobgoblin hits you.
* * * LOW HITPOINT WARNING * * *
You hit the hobgoblin but do no damage.
The hobgoblin is heavily wounded.
The kobold hits you with a +0 short sword.
You die...

################# ######
................##.....#
##'###............>(....
#.####+....⌠.†?@g......
#..# ##........K......
##.# ###.............
#.# #............. #.##
##............
#..####.##+$..........
##......# #.........$.
#..###### ##...#.....#
#+#'## ..##


You could see a hobgoblin and a kobold.

Vanquished Creatures
  A bat (D:1)
  A rat (D:1)
2 creatures vanquished.

Notes
Turn   | Place    | Note
-------+----------+-------------------------------------------
     0 | D:1      | monsoonserge the Djinni Warper began the quest for the Orb.
     0 | D:1      | monsoonserge set off with the following spells memorised:
                  | Blink, Lesser Beckoning, Teleport Other, Manifold Assault,
                  | Vhi's Electric Charge.
     0 | D:1      | Reached XP level 1. HP: 18/18 MP: 0/0
    40 | D:1      | Slain by a kobold

Illustrated notes

Levels and vault maps discovered:
D:1:      nicolae_arrival_somewhat_less_tricky_arrival, layout_rooms,
          ebering_ecumenical_altar_rust, st_stairs_6

Action                     || total
---------------------------++-------
  Melee: Falchion          ||    10
 Armour: Leather armour    ||    12
  Dodge: Dodged            ||     8
